 Dungeon Crawl Stone Soup version 0.28.0-53-g5a82cb258f (webtiles) character file.

Game seed: 13091107636119105513

959 Peloso the Slasher (level 7, -13/62 HPs)
             Began as a Minotaur Fighter on June 11, 2022.
             Was a Follower of Okawaru.
             Mangled by an ogre
             ... wielding a +0 giant club
              (22 damage)
             ... on level 6 of the Dungeon.
             The game lasted 00:07:01 (5012 turns).

Peloso the Slasher (Minotaur Fighter)               Turns: 5012, Time: 00:07:02

Health: -13/62     AC: 13    Str: 23    XL:     7   Next: 91%
Magic:  4/6        EV: 11    Int:  5    God:    Okawaru [*.....]
Gold:   183        SH:  6    Dex: 12    Spells: 6/6 levels left

rFire   . . .      SeeInvis .   b - +7 mace "Kiavo Ina" {freeze, rPois Will++ Str+3}
rCold   . . .      Faith    .   c - +0 buckler
rNeg    . . .      Spirit   .   r - +0 chain mail
rPois   +          Reflect  .   (helmet restricted)
rElec   .          Harm     .   o - +0 cloak
rCorr   .          Rampage  .   (no gloves)
Will    ++...                   (no boots)
Stlth   ..........              (no amulet)
HPRegen 0.20/turn               (no ring)
MPRegen 0.10/turn               (no ring)

@: heroic
A: horns 2, retaliatory headbutt
a: Renounce Religion, Heroism


You were on level 6 of the Dungeon.
You worshipped Okawaru.
Okawaru was aware of your devotion.
You visited 2 branches of the dungeon, and saw 7 of its levels.

You collected 183 gold pieces.

Inventory:

Hand Weapons
 a - a +0 long sword
 b - the +7 mace "Kiavo Ina" (weapon) {freeze, rPois Will++ Str+3}
   (You found it on level 3 of the Dungeon)

   It freezes those it strikes, dealing additional cold damage.
   It can also slow down cold-blooded creatures.
   Str:       It affects your strength (+3).
   rPois:     It protects you from poison.
   Will:      It greatly increases your willpower.
Armour
 c - a +0 buckler (worn)
 o - a +0 cloak (worn)
 r - a +0 chain mail (worn)
Jewellery
 f - a ring of see invisible
 j - a +4 ring of protection
Wands
 k - a wand of mindburst (7)
 n - a wand of iceblast (3)
Scrolls
 g - 2 scrolls of amnesia {unknown}
 i - 2 scrolls of magic mapping {unknown}
 l - 2 scrolls of fear {unknown}
 p - a scroll of noise {unknown}
 t - a scroll of enchant weapon {unknown}
Potions
 d - a potion of might
 e - a potion of brilliance
 h - a potion of heal wounds
 m - 3 potions of curing {unknown}
 q - 2 potions of lignification {unknown}
 s - a potion of mutation


   Skills:
 + Level 5.7(10.7) Fighting
 + Level 6.6(11.6) Long Blades
 + Level 0.5(5.5) Maces & Flails
 + Level 6.4(11.4) Armour
 + Level 3.0(8.0) Dodging
 + Level 0.3(5.3) Stealth
 + Level 5.4(10.4) Shields


You had 6 spell levels left.
You didn't know any spells.
Your spell library contained the following spells:

 Spells                   Type           Power      Damage    Failure   Level
 Poisonous Vapours        Pois/Air       0%         N/A       99%         2
 Ignite Poison            Fire/Tmut/Pois 0%         N/A       100%        3


Dungeon Overview and Level Annotations

Branches:
Dungeon (6/15)             Temple (1/1) D:5

Altars:
Ashenzari
Cheibriados
Dithmenos
Elyvilon
Fedhas
Gozag
Hepliaklqana
Kikubaaqudgha
Makhleb
Nemelex Xobeh
Okawaru
Qazlal
Ru
Sif Muna
Trog
Vehumet
Wu Jian
Xom
Yredelemnul
Zin
The Shining One

Shops:
D:3 :(


Innate Abilities, Weirdness & Mutations

You have a pair of horns on your head.
You reflexively headbutt those who attack you in melee.


Message History

The hornet stings you.
You feel yourself slow down.
A jelly comes into view.
You feel yourself speed up.
The jelly quivers.
The hornet stings you.
You feel yourself slow down. The hornet stings you.
You can move again.
You completely miss the hornet.
The hornet is heavily wounded.
The hornet stings you! x2
* * * LOW HITPOINT WARNING * * *
The hornet barely misses you. You furiously retaliate!
You headbutt the hornet!
Unknown command.
You sock the hornet! You freeze the hornet.
You kill the hornet!
Okawaru accepts your kill.
You can now gain great but temporary skills.
You feel yourself speed up.
Your Armour skill increases to level 6!
Your Dodging skill increases to level 3!
The jelly barely misses you.
You see here a hornet corpse.
You hit the jelly. You freeze the jelly.
Your hands burn!
* * * LOW HITPOINT WARNING * * *
You headbutt the jelly.
The jelly is severely wounded.
The jelly hits you but does no damage. The jelly misses you.
You sock the jelly! You freeze the jelly.
You kill the jelly!
Okawaru accepts your kill.
An ogre comes into view. It is wielding a +0 giant club.
An ogre is nearby!
You see here a hornet corpse.
The ogre closely misses you.
You gain the combat prowess of a mighty hero.
The ogre hits you with a +0 giant club!
* * * LOW HITPOINT WARNING * * *
You sock the ogre! You freeze the ogre. You headbutt the ogre.
The ogre is severely wounded.
The ogre hits you with a +0 giant club!!
You die...

(.#.##.# #.#
...# #.# #..#
#.# #..# #.#
#..######## #.#
#.........# #†#
#..######.#
#.###.## #O#
#O#...# #@#
#.#.#.#######.#
#...#.#<......#
###############


You could see an ogre.

Vanquished Creatures
  A hornet (D:6)
  Duvessa (D:5)
  A black bear (D:5)
  An ogre (D:5)
  A scorpion (D:5)
  A water moccasin zombie (D:5)
  Dowan (D:5)
  A water moccasin skeleton (D:5)
  A bullfrog zombie (D:5)
  Crazy Yiuf (D:3)
  A hound (D:5)
  2 jellies
  2 iguanas (D:4)
  A hound skeleton (D:5)
  3 adders
  An ufetubus (D:5)
  A worm (D:3)
  3 dart slugs
  5 orcs
  5 bats
  7 endoplasms
  3 giant cockroaches
  9 goblins
  8 hobgoblins
  3 jackals (D:3)
  8 kobolds
  3 quokkas
  5 ball pythons
  3 frilled lizards
  6 rats
89 creatures vanquished.

Notes
Turn   | Place    | Note
-------+----------+-------------------------------------------
     0 | D:1      | Peloso the Minotaur Fighter began the quest for the Orb.
     0 | D:1      | Reached XP level 1. HP: 19/19 MP: 0/0
     1 | D:1      | Found a faded altar of an unknown god.
    94 | D:1      | Reached XP level 2. HP: 26/27 MP: 1/1
   664 | D:1      | Reached XP level 3. HP: 26/33 MP: 2/2
  1783 | D:3      | Found Pualiudgh's Book Boutique.
  1811 | D:3      | Reached XP level 4. HP: 39/41 MP: 3/3
  1969 | D:3      | Found Itas's Weapon Boutique.
  2230 | D:3      | Found a runed translucent door.
  2231 | D:3      | Noticed Crazy Yiuf
  2495 | D:4      | Reached skill level 1 in Dodging
  2495 | D:4      | Reached XP level 5. HP: 47/47 MP: 4/4
  2756 | D:5      | Entered Level 5 of the Dungeon
  2847 | D:5      | Got Tufalor's Reference Book on Toxins
  2856 | D:5      | Noticed an ogre
  2872 | D:5      | Killed an ogre
  2873 | D:5      | Reached skill level 5 in Fighting
  2873 | D:5      | Reached XP level 6. HP: 38/56 MP: 5/5
  2875 | D:5      | Reached skill level 5 in Long Blades
  3653 | D:5      | Found a staircase to the Ecumenical Temple.
  3669 | Temple   | Entered the Ecumenical Temple
  3722 | Temple   | Became a worshipper of Warmaster Okawaru
  3777 | D:5      | Noticed Dowan
  3777 | D:5      | Noticed Duvessa
  3785 | D:5      | Reached skill level 5 in Armour
  3785 | D:5      | Reached skill level 5 in Shields
  3873 | D:5      | Killed Duvessa
  3874 | D:5      | Reached XP level 7. HP: 54/61 MP: 6/6
  4120 | D:5      | Killed Dowan
  4841 | D:3      | Killed Crazy Yiuf
  4853 | D:3      | Identified the +7 mace "Kiavo Ina" {freeze, rPois Will++
                  | Str+3}
  4960 | D:6      | Noticed a hornet
  4967 | D:6      | Paralysed by a hornet for 3 turns
  4971 | D:6      | Killed a hornet
  4971 | D:6      | Reached * piety under Okawaru
  5012 | D:6      | Mangled by an ogre

Illustrated notes

Levels and vault maps discovered:
D:1:      dpeg_arrival_tiny_f, layout_basic,
          hellmonk_ecumenical_altar_pennies_from_heaven, minmay_cupped
D:2:      layout_basic
D:3:      layout_rooms, serial_shops, nicolae_shop_bloodbath_and_beyond,
          nicolae_shop_waterfront, nrook_campfire, st_stairs_10,
          grunt_ministairs_6, amcnicky_mini_pool_small, minivault_26,
          uniq_crazy_yiuf_cottage
D:4:      layout_basic, hangedman_decor_lopped
D:5:      layout_basic, minmay_temple_entry_grid, uniq_duvessa
D:6:      layout_basic
Temple:   kilobyte_greek_temple

Skill      XL: |  1  2  3  4  5  6  7 |
---------------+----------------------+-----
Fighting       | 4 5 |  5.7
Shields        | 4 5 |  5.4
Armour         | 4 5 6 |  6.4
Long Blades    | 3 4 5 6 |  6.6
Dodging        | 1 2 3 |  3.0
Maces & Flails | |  0.5
Stealth        | |  0.3

Action                   |  1- 3 |  4- 6 |  7- 9 || total
-------------------------+-------+-------+-------++-------
Melee: Long sword        |   101 |    78 |    29 ||   208
       Headbutt          |    10 |    19 |    10 ||    39
       Mace              |       |       |    10 ||    10
Invok: Heroism           |       |       |     1 ||     1
  Use: Scroll            |     4 |       |     2 ||     6
Armor: Scale mail        |    50 |    30 |       ||    80
       Chain mail        |       |    12 |    19 ||    31
Dodge: Dodged            |    64 |    42 |    12 ||   118
Block: Buckler           |    25 |    35 |     8 ||    68
